 Dungeon Crawl Stone Soup version 0.30-a0-765-g3161bf10a1 (webtiles) character file.

Game seed: 7886135073430292159

13531 Majang the Cleaver (level 12, -1/115 HPs)
             Began as a Tengu Berserker on Feb 12, 2023.
             Was a High Priest of Trog.
             Killed by divine providence
             ... invoked by an orc high priest
              (16 damage)
             ... on level 1 of the Orcish Mines.
             The game lasted 00:38:06 (9330 turns).

Majang the Cleaver (Tengu Berserker)                Turns: 9330, Time: 00:38:06

Health: -1/115     AC: 28    Str: 23    XL:     12   Next: 7%
Magic:  13/13      EV: 11    Int:  7    God:    Trog [*****.]
Gold:   756        SH:  9    Dex: 14    Spells: 11/11 levels left

rFire   . . .      SeeInvis +    a - +3 war axe (vamp)
rCold   + + +      Faith    .    J - +0 kite shield
rNeg    . . .      Spirit   .    p - +6 chain mail of Jaegher {Contam Harm rC+++ Stlth-}
rPois   +          Reflect  .    B - +2 hat {SInv}
rElec   .          Harm     +    c - +2 cloak
rCorr   .          Rampage  .    I - +1 pair of gloves
Will    +....                    (boots unavailable) Stlth
                                 b - amulet of Gluttony {Acrobat *Corrode rPois SInv}
HPRegen 0.39/turn                t - ring of willpower
MPRegen 0.13/turn                e - +4 ring of protection

@: berserking, spiked, flying quickly and evasively, very quick
A: beak, talons 3, nimble flight, mutation resistance 1
a: Renounce Religion, Berserk, Trog's Hand, Brothers in Arms


You were on level 1 of the Orcish Mines.
You worshipped Trog.
Trog was extremely pleased with you.
You visited 3 branches of the dungeon, and saw 12 of its levels.
You also visited: Sewer.

You collected 2234 gold pieces.
You spent 1478 gold pieces at shops.

Inventory:

Hand Weapons
 a - a +3 vampiric war axe (weapon)
 q - a +5 war axe
 G - a +2 long sword of flaming
 H - the +8 trishula "Condemnation" {holy, anguish, *Noise Fly rN+}
   (You found it on level 8 of the Dungeon)

   rN:        It protects you from negative energy.
   Fly:       It grants you flight.
   *Noise:    It may make noises in combat.
Missiles
 x - 2 throwing nets (quivered)
Armour
 c - a +2 cloak (worn)
 o - the +4 chain mail of Farakli {+Blink rF++ rCorr Str-5}
   (You found it on level 2 of the Dungeon)

   Str:       It affects your strength (-5).
   rF:        It greatly protects you from fire.
   +Blink:    It lets you blink.
   rCorr:     It protects you from acid and corrosion.
 p - the +6 chain mail of Jaegher (worn) {Contam Harm rC+++ Stlth-}
   (You bought it in a shop on level 4 of the Dungeon)

   rC:        It renders you almost immune to cold.
   Contam:    It causes magical contamination when unequipped.
   Harm:      It increases damage dealt and taken.
   Stlth:     It makes you less stealthy.
 B - a +2 hat of see invisible (worn)
 I - a +1 pair of gloves (worn)
 J - a +0 kite shield (worn)
 K - a +0 plate armour of fire resistance
Jewellery
 b - the amulet of Gluttony (around neck) {Acrobat *Corrode rPois SInv}
   (You acquired it on level 4 of the Dungeon)

   [amulet of the acrobat]

   It increases your evasion while moving and waiting.
   rPois:     It protects you from poison.
   SInv:      It lets you see invisible.
   *Corrode:  It may corrode you when you take damage.
 e - a +4 ring of protection (right hand)
 i - a ring of ice
 t - a ring of willpower (left hand)
 v - a ring of resist corrosion
 E - a ring of fire
Wands
 r - a wand of digging (5)
 y - a wand of mindburst (6)
 z - a wand of charming (13)
Scrolls
 f - a scroll of enchant armour
 g - 6 scrolls of teleportation
 h - 5 scrolls of fear
 j - 3 scrolls of magic mapping
 l - a scroll of silence {unknown}
 s - 6 scrolls of identify
 C - a scroll of fog
Potions
 d - 3 potions of berserk rage
 k - 4 potions of haste
 m - 4 potions of resistance
 n - 5 potions of heal wounds
 u - a potion of attraction
 w - 14 potions of curing
 A - a potion of lignification
 D - a potion of might


   Skills:
 * Level 9.9 Fighting
 * Level 11.9 Axes
 + Level 8.0 Armour
 + Level 7.9 Dodging
 + Level 4.9 Shields
 + Level 6.7 Evocations


You had 11 spell levels left.
You didn't know any spells.
Your spell library was empty.

Dungeon Overview and Level Annotations

Branches:
Dungeon (9/15)             Temple (1/1) D:5             Orc (2/2) D:9
  Sewer (visited)
   Lair: D:8-11         Elf: Orc:2

Altars:
Ashenzari
Cheibriados
Elyvilon
Fedhas
Gozag
Hepliaklqana
Makhleb
Nemelex Xobeh
Okawaru
Qazlal
Ru
Sif Muna
Trog
Uskayaw
Vehumet
Wu Jian
Xom
Yredelemnul
Zin
The Shining One

Shops:
D:1 :((   D:4 !*![(   D:7 *:   Orc:1 :

Annotations:
Orc:2 3 runed translucent doors, anet's ghost, journeyman GnBr; bezhaha's ghost, journeyman OgWr


Innate Abilities, Weirdness & Mutations

You have a beak for a mouth.
You have claws for feet.
Your magical nature lets you fly swiftly and evasively.
You are somewhat resistant to further mutation.


Message History

The orc high priest mumbles some strange prayers to Beogh.
The red devil hits you from afar with a +0 trident.
Barbed spikes become lodged in your body.
You hit the orc high priest.
The orc high priest is heavily wounded.
The orc high priest hits you with a +0 mace of protection.
The red devil hits you but does no damage.
You barely miss the orc high priest.
The orc high priest is heavily wounded.
You hit the sun demon but do no damage.
The sun demon hits you but does no damage.
The orc high priest hits you but does no damage.
The red devil hits you from afar with a +0 trident!
Barbed spikes become lodged in your body.
You closely miss the orc high priest.
You claw the orc high priest, but do no damage.
The orc high priest is heavily wounded.
You barely miss the sun demon. The sun demon hits you.
You are engulfed in flames!
The orc high priest hits you but does no damage.
The red devil hits you but does no damage.
You closely miss the orc high priest. Your peck misses the orc high priest.
The orc high priest is heavily wounded.
You hit the sun demon. You block the sun demon's attack.
The orc high priest closely misses you.
The red devil hits you but does no damage.
The sun demon closely misses you.
A red film seems to cover your vision as you go berserk!
You feel yourself moving faster!
You feel mighty!
The orc high priest hits you but does no damage.
The red devil hits you but does no damage.
The sun demon hits you.
You are engulfed in flames!!
* * * LOW HITPOINT WARNING * * *
You barely miss the orc high priest. You claw the orc high priest!
Your peck misses the orc high priest.
The orc high priest is severely wounded.
You closely miss the sun demon.
The orc high priest mumbles some strange prayers to Beogh against you.
Beogh smites you!
You die...

### #.....#.......##
##....##.....##
#......#......#
##....#.#.....##
#..........#...#
#####.#.##.......##
##.#######....4....#
#....####.....3o...#
##......##....[@...#
##......##........#
##.....#.........#
#............#.##
##............##
##...###....## #####
######


You could see an orc high priest, a sun demon (summoned) and a red devil
(summoned).

Vanquished Creatures
  A two-headed ogre (D:9)
  3 orc high priests
  Urug (D:9)
  The ghost of Zigma the Caller, a novice OpSu of Yredelemnul (D:8)
  Pikel (D:8)
  An orc sorcerer (Orc:2)
  A moth of wrath (D:8)
  A hornet (D:4)
  3 trolls
  Grinder (D:4)
  2 wyverns
  3 steam dragons
  Edmund (D:4)
  2 wargs
  An acid dragon (D:8)
  Duvessa (D:4)
  6 water moccasins
  3 ice beasts
  15 orc warriors
  2 sky beasts (D:7)
  4 black bears
  An ogre (D:6)
  4 centaurs
  A lemure (D:8)
  A phantom (D:5)
  5 bullfrogs (D:8)
  A gnoll sergeant (D:6)
  4 scorpions
  5 jellies
  A necrophage (D:5)
  Dowan (D:4)
  14 wights
  17 killer bees
  5 howler monkeys
  2 hounds (D:6)
  4 orc priests
  Terence (D:2)
  5 iguanas
  10 orc wizards
  8 gnolls
  13 adders
  2 shadow imps
  5 worms
  A dart slug (D:1)
  48 orcs
  4 ball pythons
  9 bats
  5 endoplasms
  7 giant cockroaches
  2 goblins
  7 hobgoblins
  4 jackals (D:2)
  4 quokkas
  2 frilled lizards (D:1)
  5 kobolds
  2 rats
264 creatures vanquished.

Vanquished Creatures (others)
  8 fungi (Orc:2)
  A plant (D:3)
  4 withered plants (Orc:2)
13 creatures vanquished.

Grand Total: 277 creatures vanquished

Notes
Turn   | Place    | Note
-------+----------+-------------------------------------------
     0 | D:1      | Majang the Tengu Berserker began the quest for the Orb.
     0 | D:1      | Reached XP level 1. HP: 14/14 MP: 2/2
   101 | D:1      | Found Zoyf's Book Shoppe.
   128 | D:1      | Found Diacs's Antique Weapon Shop.
   142 | D:1      | Reached XP level 2. HP: 19/19 MP: 3/3
   174 | D:1      | Found Kezym's Weapon Shoppe.
   262 | D:1      | Reached skill level 4 in Axes
   581 | D:2      | Reached XP level 3. HP: 22/23 MP: 4/4
   593 | D:2      | Identified the +4 chain mail of Farakli {+Blink rF++ rCorr
                  | Str-5}
   614 | D:2      | Found a sacrificial altar of Ru.
   647 | D:2      | Found a faded altar of an unknown god.
   740 | D:2      | Reached ** piety under Trog
   911 | D:3      | Reached XP level 4. HP: 29/29 MP: 5/5
   982 | D:3      | Reached skill level 5 in Axes
  1126 | D:2      | Noticed Terence
  1156 | D:2      | Killed Terence
  1157 | D:2      | Gained mutation: Your magical nature lets you fly swiftly
                  | and evasively. [Tengu growth]
  1157 | D:2      | Reached XP level 5. HP: 27/33 MP: 6/6
  1805 | D:4      | Identified 2 scrolls of acquirement
  1805 | D:4      | Acquired 1039 gold pieces
  1807 | D:4      | Acquired the amulet of Gluttony {Acrobat *Corrode rPois
                  | SInv}
  1866 | D:4      | Found a glowing drain.
  1870 | Sewer    | Entered a sewer
  1879 | Sewer    | Reached skill level 1 in Evocations
  1900 | Sewer    | Noticed a water moccasin
  1911 | Sewer    | Killed a water moccasin
  1912 | Sewer    | Reached XP level 6. HP: 32/38 MP: 7/7
  2031 | D:1      | Bought a glowing war axe for 143 gold pieces
  2078 | D:4      | Found an ornate altar of the Wu Jian Council.
  2243 | D:4      | Found a shimmering blue altar of Sif Muna.
  2244 | D:4      | Noticed Grinder
  2268 | D:4      | Killed Grinder
  2269 | D:4      | Reached skill level 6 in Axes
  2269 | D:4      | Reached XP level 7. HP: 44/44 MP: 8/8
  2367 | D:4      | Found Awilenit's Antique Armour Boutique.
  2371 | D:4      | Bought a fine chain mail for 180 gold pieces
  2371 | D:4      | Identified the +6 chain mail of Jaegher {Contam Harm rC+++
                  | Stlth-} (You bought it in a shop on level 4 of the Dungeon)
  2390 | D:4      | You are sucked into a shaft and drop 2 floors!
  2393 | D:5      | Entered Level 5 of the Dungeon
  2450 | D:5      | Found a staircase to the Ecumenical Temple.
  2481 | Temple   | Entered the Ecumenical Temple
  2620 | D:4      | Noticed Edmund
  2620 | D:4      | Noticed Duvessa
  2620 | D:4      | Noticed Dowan
  2620 | D:4      | Found Suaputebb's Distillery.
  2626 | D:4      | Found a glowing silver altar of Zin.
  2639 | D:4      | Killed Duvessa
  2643 | D:4      | Killed Dowan
  2644 | D:4      | Reached skill level 7 in Axes
  2644 | D:4      | Reached XP level 8. HP: 38/48 MP: 9/9
  2644 | D:4      | Reached *** piety under Trog
  2648 | D:4      | Killed Edmund
  2649 | D:4      | Reached skill level 5 in Fighting
  2723 | D:4      | Bought a potion of heal wounds for 65 gold pieces
  2842 | D:4      | Found Naginamo's Distillery.
  2844 | D:4      | Noticed a hornet
  2853 | D:4      | Killed a hornet
  2857 | D:4      | Bought a potion of haste for 120 gold pieces
  2857 | D:4      | Bought a potion of curing for 36 gold pieces
  2857 | D:4      | Bought a potion of curing for 36 gold pieces
  2857 | D:4      | Bought a potion of curing for 36 gold pieces
  2857 | D:4      | Bought 3 potions of haste for 360 gold pieces
  2876 | D:4      | Found Zuaggixt's General Store.
  2884 | D:4      | Bought a scroll of enchant weapon for 75 gold pieces
  2884 | D:4      | Bought a potion of heal wounds for 50 gold pieces
  2884 | D:4      | Bought a scroll of identify for 20 gold pieces
  2944 | D:4      | Found Jonamiw's Weapon Boutique.
  3397 | D:5      | Reached skill level 8 in Axes
  3427 | D:5      | Found a bloodstained altar of Trog.
  3564 | D:5      | Reached skill level 5 in Dodging
  3806 | D:5      | Reached skill level 5 in Armour
  3806 | D:5      | Reached XP level 9. HP: 55/55 MP: 10/10
  4456 | D:6      | Reached **** piety under Trog
  4499 | D:6      | Reached skill level 9 in Axes
  5369 | D:7      | Found an opulent altar of Gozag.
  5369 | D:7      | Found a sacrificial altar of Ru.
  5383 | D:7      | Found Cacviv's General Store.
  5391 | D:7      | Bought a scroll of enchant weapon for 97 gold pieces
  5494 | D:7      | Noticed a troll
  5501 | D:7      | Killed a troll
  5502 | D:7      | Reached skill level 1 in Shields
  5502 | D:7      | Reached XP level 10. HP: 63/63 MP: 11/11
  5506 | D:7      | Reached skill level 5 in Evocations
  5811 | D:7      | Found Sitsoz's Book Emporium.
  6046 | D:8      | Noticed Pikel
  6060 | D:8      | Killed Pikel
  6061 | D:8      | Reached skill level 10 in Axes
  6250 | D:8      | Found a broken altar of Ashenzari.
  6254 | D:8      | Saw a vision of the Swamp and the Snake Pit.
  6254 | D:8      | Noticed a black mamba
  6254 | D:8      | Noticed an alligator
  6254 | D:8      | Noticed a bunyip
  6254 | D:8      | Noticed a spriggan druid
  6254 | D:8      | Noticed a naga mage
  6255 | D:8      | Noticed an anaconda
  6335 | D:8      | Found the +8 trishula "Condemnation" {holy, anguish, *Noise
                  | Fly rN+}
  6379 | D:8      | Found a transporter.
  6520 | D:8      | Found a transporter.
  6527 | D:8      | Noticed a moth of wrath
  6528 | D:8      | Noticed Zigma's ghost (novice OpSu)
  6691 | D:8      | Reached ***** piety under Trog
  6972 | D:8      | Killed a moth of wrath
  6973 | D:8      | Reached XP level 11. HP: 69/69 MP: 12/12
  6973 | D:8      | Killed Zigma's ghost
  7061 | D:9      | Noticed a two-headed ogre
  7065 | D:9      | Killed a two-headed ogre
  7065 | D:9      | Received a gift from Trog
  7137 | D:9      | Reached skill level 11 in Axes
  7583 | D:9      | Found a staircase to the Orcish Mines.
  7831 | Orc:1    | Entered Level 1 of the Orcish Mines
  7831 | Orc:1    | Noticed an orc high priest
  7833 | Orc:1    | Noticed a sixfirhy
  7970 | Orc:1    | Noticed Urug
  7984 | D:9      | Killed an orc high priest
  8070 | D:9      | Killed Urug
  8506 | Orc:2    | Entered Level 2 of the Orcish Mines
  8543 | Orc:2    | Noticed an orc warlord
  8559 | Orc:2    | Found a runed translucent gate.
  8560 | Orc:2    | Found a runed translucent gate.
  8561 | Orc:2    | Found a runed translucent gate.
  8563 | Orc:2    | Noticed bezhaha's ghost (journeyman OgWr)
  8563 | Orc:2    | Noticed anet's ghost (journeyman GnBr)
  8706 | Orc:2    | Noticed an orc high priest
  8717 | Orc:1    | Noticed a soul eater
  8719 | Orc:1    | Killed an orc high priest
  8836 | Orc:1    | Noticed an orc sorcerer
  8838 | Orc:1    | Noticed an orc high priest
  8844 | Orc:1    | Gained mutation: You are frail. (-10% HP) [a neqoxec]
  8852 | Orc:2    | Killed an orc sorcerer
  8853 | Orc:2    | Reached XP level 12. HP: 69/69 MP: 13/13
  8857 | Orc:1    | Found Xoadefoh's Book Shoppe.
  8861 | Orc:1    | Noticed a soul eater
  8902 | Orc:1    | Killed an orc high priest
  9111 | D:4      | Bought a potion of mutation for 104 gold pieces
  9111 | D:4      | Bought a potion of curing for 39 gold pieces
  9111 | D:4      | Bought a potion of curing for 39 gold pieces
  9111 | D:4      | Bought a potion of curing for 39 gold pieces
  9111 | D:4      | Bought a potion of curing for 39 gold pieces
  9112 | D:4      | Lost mutation: You are frail. (-10% HP) [potion of
                  | mutation]
  9112 | D:4      | Gained mutation: You are somewhat resistant to further
                  | mutation. [potion of mutation]
  9208 | Orc:2    | Noticed an orc high priest
  9211 | Orc:2    | Noticed an orc high priest
  9325 | Orc:1    | Noticed a sun demon
  9330 | Orc:1    | Killed from afar by an orc high priest

Illustrated notes

Levels and vault maps discovered:
D:1:      dpeg_arrival_line_fractal, layout_rooms, serial_shops,
          nicolae_shop_crystal, shop, nicolae_shop_advertising_works
          [nicolae_subvault_shop_adworks]
D:2:      layout_basic, hellmonk_ecumenical_altar_pennies_from_heaven,
          basic_altar, minmay_misc_feat_more_columns, uniq_terence
D:3:      layout_rooms, guppyfry_early_lair_pool
D:4:      layout_basic, lemuel_tele_altar, amcnicky_altar_gilded,
          mainiacjoe_overflow_six_doors_small, serial_shops,
          nicolae_square_shop, shop, shop, nicolae_shop_stone,
          nicolae_shop_bloodbath_and_beyond, gup_sewer_entry_bowl, uniq_edmund,
          uniq_grinder, uniq_duvessa
D:5:      layout_gridville, mainiacjoe_overflow_brackets,
          minmay_temple_entry_stoned_glass, kennysheep_cross_room
D:6:      layout_basic, minmay_bent
D:7:      hangedman_cross_stitches, layout_gridville,
          chequers_temple_overflow_statue_of_worship, serial_rivers,
          chequers_serial_rivers_micro_a, chequers_serial_rivers_large_b,
          chequers_serial_rivers_small_a, chequers_serial_rivers_small_a,
          chequers_serial_rivers_small_3, chequers_serial_rivers_room_b,
          serial_shops, nicolae_shop_competitors_out_of_business,
          nicolae_take_the_stairs, chequers_serial_rivers_micro_e
D:8:      layout_cave_pools, grunt_ashenzari_visionary
          [grunt_ashenzari_visionary_swamp, grunt_ashenzari_visionary_snake],
          gammafunk_ghost_berserking_beasts, eino_jars, uniq_pikel
D:9:      nicolae_cairo_tiling_large, layout_cave_pools, david_orc_3,
          minivault_1
Temple:   dshaligram_water_room_temple
Orc:1:    layout_caves, serial_shops, nicolae_diamond_shop, uniq_urug
Orc:2:    grunt_orc_gardens, layout_caves, grunt_orc_garden, grunt_orc_garden,
          grunt_orc_garden, grunt_orc_garden, gammafunk_ghost_cemetery

Skill      XL: |  1  2  3  4  5  6  7  8  9 10 11 12 |
---------------+-------------------------------------+-----
Axes           | 4 5 6 7 8 9 10 11 | 11.9
Fighting       | 4 5 7 8 9 |  9.9
Evocations     | 1 2 3 4 5 6 |  6.7
Armour         | 3 4 5 6 7 8 |  8.0
Dodging        | 3 4 5 6 7 |  7.9
Shields        | 1 3 4 |  4.9

Action                     |  1- 3 |  4- 6 |  7- 9 | 10-12 || total
---------------------------+-------+-------+-------+-------++-------
  Melee: Hand axe          |    92 |    89 |       |       ||   181
         Kick              |    23 |    31 |    54 |    88 ||   196
         Peck              |     8 |    14 |    28 |    58 ||   108
         Punch             |     1 |     1 |       |       ||     2
         War axe           |       |    12 |   181 |   306 ||   499
 Invoke: Berserk           |       |     2 |     1 |     5 ||     8
    Use: Scroll            |       |    16 |     7 |     3 ||    26
         Potion            |       |       |       |     1 ||     1
   Stab: Sleeping          |     1 |       |       |       ||     1
 Armour: Animal skin       |    15 |       |       |       ||    15
         Chain mail        |    40 |    60 |    82 |   188 ||   370
  Dodge: Dodged            |    49 |    40 |    89 |   223 ||   401
  Block: Buckler           |       |       |     6 |    58 ||    64
         Kite shield       |       |       |       |    33 ||    33

Table legend: (Time is in decaauts)
 A = Elapsed time spent in this place.
 B = Non-inter-level travel time spent in this place.
 C = Inter-level travel time spent in this place.
 D = Time resting spent in this place.
 E = Time spent auto-exploring this place.
 F = Levels seen in this place.
 G = Mean time per level.
                   A        B        C        D        E       F      G
               +--------+--------+--------+--------+--------+-----+--------+
         Total |   8932 |   8284 |    648 |   1458 |   4483 |  13 |  687.1 |
       Dungeon |   7800 |   7205 |    595 |   1080 |   4279 |   9 |  866.7 |
        Temple |     80 |     80 |      0 |      0 |      0 |   1 |   80.0 |
  Orcish Mines |    952 |    900 |     52 |    358 |    204 |   2 |  476.0 |
         Sewer |     98 |     98 |      0 |     20 |      0 |   1 |   98.0 |
               +--------+--------+--------+--------+--------+-----+--------+

Top non-repeatable levels by time:
     D:6: 1211 daAuts
     D:9: 1118 daAuts
     D:4: 1013 daAuts
     D:8: 940 daAuts
     D:5: 891 daAuts
     D:7: 830 daAuts
   Orc:1: 671 daAuts
     D:2: 644 daAuts
     D:1: 619 daAuts
     D:3: 531 daAuts
   Orc:2: 280 daAuts
   Sewer: 98 daAuts
  Temple: 80 daAuts
